 Dungeon Crawl Stone Soup version 0.26-a0-489-g112e8ad46e (webtiles) character file.

Game seed: 11506508405635092327

3361 Gobser the Cleaver (level 9, -13/78 HPs)
             Began as a Purple Draconian Fighter on June 12, 2020.
             Was a Priest of Qazlal.
             Mangled by Gastronok (26 damage)
             ... on level 8 of the Dungeon on Aug 3, 2020.
             The game lasted 00:43:11 (7490 turns).

Gobser the Cleaver (Purple Draconian Fighter)       Turns: 7490, Time: 00:43:11

Health: -13/78     AC:  7    Str: 28    XL:     9   Next: 73%
Magic:  9/9        EV: 12    Int:  8    God:    Qazlal [***...]
Gold:   380        SH: 15    Dex: 11    Spells: 8/8 levels left

rFire    . . .     SeeInvis .   a - +0 war axe
rCold    . . .     Faith    .   b - +0 kite shield
rNeg     + . .     Spirit   .   (armour unavailable)
rPois    .         Reflect  .   (helmet restricted)
rElec    .         Harm     .   (no cloak)
rCorr    .                      (no gloves)
MR       +....                  (no boots)
Stlth    +.........             (no amulet)
HPRegen  0.23/turn              l - ring of positive energy
MPRegen  0.11/turn              m - +6 ring of strength

@: about to teleport
A: breathe power, unfitting armour, cold-blooded, AC +7
a: Breathe Dispelling Energy, Upheaval, Elemental Force, Renounce Religion


You were on level 8 of the Dungeon.
You worshipped Qazlal.
Qazlal was most pleased with you.
You visited 1 branch of the dungeon, and saw 8 of its levels.
You also visited: Sewer.

You collected 380 gold pieces.

Inventory:

Hand Weapons
 a - a +0 war axe (weapon)
 e - a +0 hand axe
 t - a +0 flail of holy wrath
Armour
 b - a +0 kite shield (worn)
Jewellery
 l - a ring of positive energy (left hand)
 m - a +6 ring of strength (right hand)
 r - an uncursed ring of magical power
 v - an uncursed ring of poison resistance
 y - an uncursed ring of resist corrosion
Wands
 f - a wand of polymorph (10)
 q - a wand of acid (6)
 w - a wand of random effects (15)
 x - a wand of paralysis (11)
Scrolls
 c - 2 scrolls of teleportation
 h - a scroll of fog
 i - 3 scrolls of amnesia
 j - a scroll of blinking
 k - 2 scrolls of remove curse
 n - 2 scrolls of fear
 B - a scroll of magic mapping
 C - a scroll of identify
Potions
 g - 2 potions of brilliance
 o - a potion of curing
 p - 2 potions of heal wounds
 s - a potion of magic {unknown}
 u - a potion of flight
 z - a potion of cancellation {unknown}
 A - a potion of resistance {unknown}
Comestibles
 d - 6 removed foods


   Skills:
 + Level 6.9 Fighting
 + Level 9.6 Axes
 + Level 5.4 Dodging
 + Level 2.0 Stealth
 + Level 7.0 Shields


You had 8 spell levels left.
You didn't know any spells.
Your spell library contained the following spells:

 Spells                   Type           Power        Failure   Level
 Sandblast                Erth           #.....       77%         1
 Passwall                 Tmut/Erth      #.......     88%         2
 Stone Arrow              Conj/Erth      #.....       98%         3
 Petrify                  Tmut/Erth      #.......     100%        4
 Lee's Rapid Deconstruct  Erth           #.........   100%        5


Dungeon Overview and Level Annotations

Branches:
Dungeon (8/15)             Temple (0/1) D:7           Sewer (visited)
   Lair: D:8-11

Altars:
Okawaru
Qazlal
Yredelemnul
The Shining One

Annotations:
D:8 Gastronok


Innate Abilities, Weirdness & Mutations

You can breathe bolts of dispelling energy.
Your rich purple scales are hard. (AC +7)
You cannot fit into any form of body armour.
You are cold-blooded and may be slowed by cold attacks.


Message History

Gastronok bites you!!
* * * LOW HITPOINT WARNING * * *
Your shield prevents you from hitting Gastronok.
Gastronok is moderately wounded.
You hit Gastronok but do no damage.
You tail-slap Gastronok, but do no damage.
Gastronok is moderately wounded.
Gastronok's eyestalks quiver as he mumbles some strange words.
As you read the scroll of teleportation, it crumbles to dust.
You feel strangely unstable.
The quokka bites you but does no damage.
You hit Gastronok but do no damage.
You tail-slap Gastronok, but do no damage.
Gastronok is moderately wounded.
You slash the quokka!
You kill the quokka!
The quokka's corpse disappears in a puff of smoke!
Gastronok gurgles, "I'll eat you, I will!"
Gastronok bites you!!
You die...

###.#.....#..#.#..
#......##.#..#.#..
#.#.#..##.........
#.#.#..####..#'#.#
#.#.#............#
##.#.#..####......#
#..#.#.....'......#
##ยง#.#.#####.....##
#@#.#** #.....#
#w#,* #.....# #b#,*
#.....# #b#,*
##'#.## *#.#,*
#.#.### *!..,*
#.#.... *####*
#.#.###
#.#########.#####
#................


You could see Gastronok (swift) and 2 bats.

Vanquished Creatures
  Pikel (D:6)
  Maggie (D:8)
  An ice beast (D:6)
  A sky beast (D:6)
  A phantom (D:7)
  A black bear (D:8)
  3 ogres
  A centaur (D:8)
  A lemure (D:6)
  3 big kobolds (Sewer)
  A gnoll sergeant (D:8)
  Blork the orc (D:6)
  4 bullfrogs
  A scorpion (D:6)
  4 wights (D:8)
  3 howler monkeys (D:7)
  A bullfrog zombie (D:7)
  2 jellies (D:8)
  5 orc priests
  2 hounds
  4 orc wizards
  A centaur skeleton (D:4)
  2 iguanas
  Terence (D:2)
  7 worker ants
  2 hound skeletons
  Robin (D:3)
  4 gnolls
  13 adders
  2 river rats (Sewer)
  A worker ant zombie (D:7)
  A shadow imp (D:7)
  An ufetubus (D:8)
  An ooze (Sewer)
  An adder skeleton (D:4)
  7 worms
  3 leopard geckos
  11 orcs
  7 bats
  4 giant cockroaches
  6 hobgoblins
  4 jackals (D:2)
  11 kobolds
  3 quokkas
  A ball python (Sewer)
  A ball python skeleton (D:5)
  5 frilled lizards
  18 goblins
  A leopard gecko skeleton (D:6)
  8 rats
170 creatures vanquished.

Vanquished Creatures (others)
  A gnoll (D:8)
1 creature vanquished.

Grand Total: 171 creatures vanquished

Notes
Turn   | Place    | Note
-------+----------+-------------------------------------------
     0 | D:1      | Gobser the Draconian Fighter began the quest for the Orb.
     0 | D:1      | Reached XP level 1. HP: 19/19 MP: 1/1
    67 | D:1      | Reached XP level 2. HP: 18/26 MP: 2/2
   566 | D:2      | Reached XP level 3. HP: 33/33 MP: 3/3
   580 | D:2      | Noticed Terence
   594 | D:2      | Killed Terence
   594 | D:2      | Reached XP level 4. HP: 13/40 MP: 4/4
  1012 | D:2      | Reached skill level 3 in Axes
  1296 | D:2      | Found a stormy altar of Qazlal.
  1377 | D:2      | Became a worshipper of Qazlal Stormbringer
  1439 | D:3      | Noticed Robin
  1450 | D:3      | Killed Robin
  1467 | D:3      | Reached XP level 5. HP: 36/46 MP: 5/5
  1721 | D:3      | Reached * piety under Qazlal
  2041 | D:3      | Reached skill level 4 in Axes
  2047 | D:3      | Found a basalt altar of Yredelemnul.
  2711 | D:4      | Reached XP level 6. HP: 46/53 MP: 6/6
  3290 | D:5      | Entered Level 5 of the Dungeon
  3418 | D:5      | Reached skill level 5 in Axes
  3429 | D:5      | Upgraded the game from 0.26-a0-67-g850bfe61e3 to
                  | 0.26-a0-489-g112e8ad46e
  3854 | D:6      | Noticed Pikel
  3876 | D:6      | Killed Pikel
  3876 | D:6      | Reached ** piety under Qazlal
  3876 | D:6      | Reached skill level 5 in Fighting
  3876 | D:6      | Reached skill level 6 in Axes
  3876 | D:6      | Reached skill level 1 in Stealth
  3876 | D:6      | Reached skill level 5 in Shields
  3876 | D:6      | Your scales start taking on a rich purple colour.
  3876 | D:6      | Reached XP level 7. HP: 38/61 MP: 7/7
  3897 | D:6      | Reached XP level 8. HP: 34/68 MP: 8/8
  4109 | D:6      | Reached skill level 7 in Axes
  4387 | D:6      | Found a glowing drain.
  4414 | Sewer    | Entered a sewer
  4891 | D:6      | Reached skill level 8 in Axes
  5186 | D:6      | Noticed Blork the orc
  5187 | D:6      | Found a glowing golden altar of the Shining One.
  5191 | D:6      | Killed Blork the orc
  5191 | D:6      | Reached XP level 9. HP: 75/75 MP: 9/9
  5379 | D:7      | Found an iron altar of Okawaru.
  5498 | D:7      | Reached skill level 5 in Dodging
  5766 | D:7      | Found a staircase to the Ecumenical Temple.
  6300 | D:8      | Noticed Maggie
  6310 | D:8      | Reached *** piety under Qazlal
  6326 | D:8      | Killed Maggie
  6326 | D:8      | Reached skill level 9 in Axes
  7466 | D:8      | Noticed Gastronok
  7490 | D:8      | Mangled by Gastronok

Illustrated notes

Levels and vault maps discovered:
D:1:      shiori_arrival_oz, layout_rooms
D:2:      layout_basic, marbit_many_paths, nicolae_qazlal_general_emergency,
          uniq_terence
D:3:      layout_basic, lemuel_doored_altar, corexii_item_surrounded_by_moat,
          uniq_robin
D:4:      layout_rooms, first_ration
D:5:      layout_rooms
D:6:      layout_basic, lemuel_coloured_pillars_altar,
          cheibrodos_sewer_entry_bend, uniq_blork_the_orc, uniq_pikel
D:7:      layout_basic, okawaru_trees_1, minmay_temple_entry_poolview,
          minmay_statues_item
D:8:      black_bear_nest_1, layout_basic, uniq_gastronok, uniq_maggie

Skill      XL: |  1  2  3  4  5  6  7  8  9 |
---------------+----------------------------+-----
Dodging        | 3 4 5 |  5.4
Axes           | 3 4 6 8 9 |  9.6
Fighting       | 4 5 6 |  6.9
Shields        | 4 5 6 7 |  7.0
Stealth        | 1 2 |  2.0

Action                   |  1- 3 |  4- 6 |  7- 9 || total
-------------------------+-------+-------+-------++-------
Melee: War axe           |    68 |   249 |   303 ||   620
       Tailslap          |     9 |    26 |    45 ||    80
 Abil: Breathe Dispellin |       |       |     2 ||     2
  Use: Scroll            |     5 |     8 |     8 ||    21
       Potion            |     2 |     7 |     1 ||    10
 Stab: Sleeping          |       |     1 |       ||     1
  Eat: Removed food      |       |     2 |       ||     2
       Removed food      |       |     2 |       ||     2
Armor: Skin              |    13 |    35 |    38 ||    86
Dodge: Dodged            |    35 |   103 |   111 ||   249
Block: Kite shield       |    32 |   146 |   174 ||   352

Table legend: (Time is in decaauts)
 A = Elapsed time spent in this place.
 B = Non-inter-level travel time spent in this place.
 C = Inter-level travel time spent in this place.
 D = Time resting spent in this place.
 E = Time spent auto-exploring this place.
 F = Levels seen in this place.
 G = Mean time per level.
                   A        B        C        D        E       F      G
               +--------+--------+--------+--------+--------+-----+--------+
         Total |   7720 |   7720 |      0 |   1325 |   2231 |   9 |  857.8 |
       Dungeon |   7345 |   7345 |      0 |   1325 |   2231 |   8 |  918.1 |
         Sewer |    374 |    374 |      0 |      0 |      0 |   1 |  374.0 |
               +--------+--------+--------+--------+--------+-----+--------+

Top non-repeatable levels by time:
     D:6: 1283 daAuts
     D:8: 1260 daAuts
     D:7: 868 daAuts
     D:5: 389 daAuts
   Sewer: 374 daAuts
Note: time per level data comes from an upgraded game and may be incomplete.
